[Event "German Bundesliga 2023-24"]
[Site "Germany"]
[Date "2024.02.25"]
[Round "11.62"]
[White "Meshkovs, Nikita"]
[Black "Neef, Maximilian"]
[Result "1/2-1/2"]
[ECO "A45"]
[WhiteElo "2526"]
[BlackElo "2466"]
[Annotator "TA"]
[PlyCount "111"]
[EventDate "2023.10.20"]
[EventType "team-tourn"]
[EventCountry "GER"]
[SourceTitle "playchess.com"]
[Source "ChessBase"]
[SourceQuality "1"]
[TimeControl "40/6000+30:3000+30"]

1. d4 Nf6 2. Bg5 Ne4 3. Bf4 Nc6 4. Nf3 e6 5. h4 $146 ({Predecessor:} 5. h3 d5 6. e3 Bd6 7. Bxd6 cxd6 8. c4 Qa5+ 9. Nbd2 Nxd2 10. Qxd2 dxc4 11. Bxc4 Qxd2+ 12. Kxd2 {½-½ Ravichandran,S (2387)-Ginsburg,M (2387) Los Angeles Metropolitan 11th 2011 (8)}) 5... d5 6. Nbd2 {[%emt 0:04:06] A45: Trompowsky Attack.} Bd6 7. g3 Qf6 8. e3 e5 9. Nxe4 dxe4 10. Nxe5 Nxe5 11. dxe5 Bxe5 12. Bxe5 Qxe5 13. Qd4 Qxd4 14. exd4 Bg4 15. Kd2 f5 16. Ke3 Rf8 17. Re1 O-O-O 18. Be2 Rd6 19. h5 Rb6 20. b3 Rc6 21. Kd2 Bxe2 22. Rxe2 Rd8 23. c3 Ra6 24. Ke3 c5 25. dxc5 Rd5 26. Kf4 Rxc5 27. Rd1 Rh6 28. Kg5 ({White should try} 28. Red2 $1 $16 ) 28... Rf6 $1 $11 29. c4 f4+ 30. Kg4 fxg3 31. fxg3 Re5 32. Rd5 Rxd5 (32... Re7 $11) 33. cxd5 $14 Rd6 34. Rxe4 Rxd5 35. Re8+ $1 Kc7 36. Rg8 $1 Rd4+ {[%emt 0:00:51] [#]} 37. Kg5 ({Better is} 37. Kf3 $1 $16 Rd7 38. Kg4) 37... Rd5+ $11 38. Kh4 Rd7 $1 39. g4 Kd6 40. Rh8 h6 41. g5 hxg5+ 42. Kxg5 Ke7 43. Kg6 Rd2 $1 44. Rg8 (44. Kxg7 Rg2+ 45. Kh6 Rxa2) 44... Rg2+ 45. Kh7 Rxa2 46. Rxg7+ Kf8 $2 (46... Kf6 $11 {and Black is okay.}) 47. Rxb7 $18 a5 {[%emt 0:02:33] [#]} 48. h6 (48. Kg6 $1 $16 {Black must now prevent Rb8+.} Rg2+ 49. Kf6 Rf2+ 50. Ke6) 48... Rg2 $1 $14 49. Rb5 Rg3 50. Rb8+ Kf7 51. Kh8 Rg6 52. Rb7+ Kf8 53. h7 Rg5 54. Rb8+ Kf7 55. Rb7+ Kf8 56. Rb8+ 1/2-1/2

[Event "German Bundesliga 2023-24"]
[Site "Germany"]
[Date "2024.02.25"]
[Round "11.63"]
[White "Maiwald, Jens-Uwe"]
[Black "Thybo, Jesper Sondergaard"]
[Result "0-1"]
[ECO "B31"]
[WhiteElo "2445"]
[BlackElo "2522"]
[Annotator "TA"]
[PlyCount "114"]
[EventDate "2023.10.20"]
[EventType "team-tourn"]
[EventCountry "GER"]
[SourceTitle "playchess.com"]
[Source "ChessBase"]
[SourceQuality "1"]
[TimeControl "40/6000+30:3000+30"]

1. e4 c5 2. Nf3 Nc6 3. Bb5 g6 4. O-O Bg7 5. c3 Nf6 6. Re1 O-O 7. h3 e5 $1 {[%emt 0:03:03] The main line 7...e5 scores better than 7...Qb6.} 8. d3 d6 9. a4 {[%emt 0:06:22] B31: Sicilian: 2...Nc6 3 Bb5 g6.} Re8 $5 $146 {[%emt 0:09:53][%mdl 8] An interesting novelty.} ({Predecessor:} 9... Qc7 10. Bc4 h6 11. Na3 Kh7 12. Rb1 Be6 13. Bxe6 fxe6 14. b4 cxb4 15. cxb4 a5 16. bxa5 Qxa5 17. Rxb7 {1-0 Duda,J (2760)-Ivic,V (2606) Wch Blitz Warsaw 2021 (8)}) 10. Bg5 h6 11. Bh4 Be6 12. Nbd2 Kh7 13. d4 cxd4 14. cxd4 exd4 15. Bxc6 bxc6 16. Nxd4 Qb6 17. N2f3 Bd7 18. a5 Qb7 19. Qd3 (19. e5 $11 dxe5 20. Nxe5) 19... c5 $17 (19... Qxb2 $2 20. Bxf6 (20. Reb1 Qxa1 21. Rxa1 Nxe4 $18) 20... Bxf6 21. Reb1 $18) 20. a6 Qb6 (20... Qxb2 $2 21. Reb1 $18) 21. Bxf6 Bxf6 22. Nc2 Bb5 (22... Qxb2 $6 23. Rab1 (23. Qxd6 Be6 $17) 23... Qa2 24. Ne3 $15) ({Black should try} 22... Bc6 $1 $17 23. Rab1 Bg7 (23... Bxb2 24. Na3 $11)) 23. Qd5 $1 $15 Kg7 (23... Bxb2 24. Rab1 (24. Qxf7+ Bg7 $16) 24... Bg7 (24... Bxa6 $2 25. Qxf7+ Kh8 26. Nh4 $18) 25. Qxf7 Qxa6 26. Nh4 $11) (23... Bxa6 24. Qxf7+ Bg7 25. Nh4 $11) 24. e5 $1 dxe5 25. Nxe5 Qc7 (25... Bxa6 26. Qxf7+ Kh8 27. Nxg6#) 26. Ng4 $1 Rad8 ({Don't play} 26... Bxb2 $6 27. Rab1 Rxe1+ 28. Nxe1 $16) 27. Qb3 Rxe1+ 28. Rxe1 Qa5 29. Nxf6 (29. Qe3 $11 Qxa6 (29... Bxb2 30. Qxh6+ Kg8 31. Qh4 $11) 30. Qxh6+ Kg8 31. Nce3) 29... Rd3 $1 $15 30. Ra1 Rxb3 31. Rxa5 Kxf6 32. Na3 Bd3 33. Rxc5 Rxb2 34. Rc6+ Kg7 35. Nc4 $1 Rc2 (35... Re2 $1 $15) 36. Ne5 $11 Rxc6 37. Nxc6 Bb5 38. Nxa7 Bd7 39. f4 $2 (39. Kf1 $11 Be6 40. f4) 39... Kf6 40. Kf2 Ke6 41. Kg3 Kd5 42. f5 Kc5 43. Kf4 Kb6 $1 44. g4 Kxa7 45. Ke5 gxf5 46. gxf5 Kxa6 47. Kf6 h5 48. h4 Kb5 49. Kg5 Kc5 50. Kxh5 Bxf5 51. Kg5 {[%emt 0:00:05] [#]} Bg6 $1 52. h5 Bxh5 $1 53. Kxh5 Kd5 54. Kg5 {[%emt 0:01:33] [#]} Ke5 $1 55. Kg4 Ke4 56. Kg3 f5 57. Kf2 Ke5 $2 (57... Kf4 {mates} 58. Ke2 Kg3 59. Ke1 Kg2 60. Kd2 f4 61. Kd3 f3 62. Ke4 f2 63. Kf4 f1=Q+ (63... f1=B 64. Kg5 $11) 64. Ke5 Qc4 65. Kf5 Kf3 66. Ke5 Kg4 67. Kf6 Qe4 68. Kf7 Kf5 69. Kg8 Kf6 70. Kh8 Kg6 71. Kg8 Qe8#) 0-1

[Event "German Bundesliga 2023-24"]
[Site "Germany"]
[Date "2024.02.25"]
[Round "11.64"]
[White "Pajeken, Jakob Leon"]
[Black "Tischbierek, Raj"]
[Result "1/2-1/2"]
[ECO "C17"]
[WhiteElo "2426"]
[BlackElo "2423"]
[Annotator "TA"]
[PlyCount "48"]
[EventDate "2023.10.20"]
[EventType "team-tourn"]
[EventCountry "GER"]
[SourceTitle "playchess.com"]
[Source "ChessBase"]
[SourceQuality "1"]
[TimeControl "40/6000+30:3000+30"]

1. e4 e6 2. d4 d5 3. Nc3 Bb4 4. e5 c5 5. Bd2 Ne7 6. a3 Bxc3 7. Bxc3 b6 8. h4 Ba6 9. Bxa6 Nxa6 10. h5 {[%emt 0:00:50] The position is equal.} h6 11. Qd3 Nb8 12. f4 Qc8 13. Nf3 Qa6 14. Qe3 Nf5 15. Qf2 cxd4 16. Bxd4 Nc6 17. O-O-O O-O-O 18. g4 Nfe7 19. Kb1 Kb8 20. Rhe1 Rc8 21. Bc3 Rhd8 (21... Qa4 $14) 22. Rd3 {[%emt 0:04:36] White is more active.} ({Better is} 22. f5 $1 $16 {[%cal Rf5f6] And now f6 would win.} d4 23. Nxd4 (23. Bxd4 exf5 24. e6 fxe6 $16)) 22... Qb5 23. Qd2 Ka8 (23... Qa4 $14) 24. Rd1 (24. f5 $16) 24... Qa4 {[%emt 0:04:23] Weighted Error Value: White=0.14 (very precise) /Black=0.19 (very precise) .  Mistake:       	White=2     	Black=2      Inaccurate:     	---       	Black=2      OK:         	White=7     	Black=4      Best:        	White=1     	---} 1/2-1/2

[Event "German Bundesliga 2023-24"]
[Site "Germany"]
[Date "2024.03.16"]
[Round "12"]
[White "Keymer, Vincent"]
[Black "Fressinet, Laurent"]
[Result "1-0"]
[ECO "D35"]
[WhiteElo "2721"]
[BlackElo "2643"]
[Annotator "TA"]
[PlyCount "93"]
[EventDate "2023.10.20"]
[EventType "team-tourn"]
[EventCountry "GER"]
[SourceTitle "playchess.com"]
[Source "ChessBase"]
[SourceQuality "1"]
[TimeControl "40/6000+30:3000+30"]

1. c4 e6 2. Nc3 d5 3. d4 Nf6 4. cxd5 exd5 5. Bg5 c6 6. e3 Bf5 7. Qf3 Bg6 8. Bxf6 Qxf6 9. Qxf6 gxf6 10. h4 h5 11. Rd1 Nd7 12. Bd3 Rg8 {[%emt 0:03:30] White is slightly better.} 13. Nge2 Bd6 14. Rh3 Bxd3 15. Rxd3 Rg4 16. Kf1 O-O-O 17. f3 (17. Rd2 $14) 17... Rg6 $11 18. e4 Nb6 19. exd5 Nxd5 20. Nxd5 cxd5 21. Rb3 a6 {[%emt 0:12:58] Prevents Rb5.} 22. f4 Kb8 23. Rhg3 Rdg8 (23... b5 $11 {feels stronger.}) 24. a4 Rc8 (24... Bc7 $14) 25. Rbc3 (25. Kf2 $16) 25... Re8 26. Rge3 Re4 (26... Re6 $11 {keeps the balance.}) 27. Rxe4 $16 dxe4 {[%emt 0:00:39][%mdl 4096] Endgame. [#] KRB-KRN} 28. f5 $1 Rg4 29. g3 Bb4 30. Rc2 Bd6 31. Kf2 Rg8 32. Rc3 Bb4 (32... Rg4 $142) 33. Re3 Re8 34. Nc3 Bxc3 35. bxc3 $18 {[%emt 0:00:44] KR-KR} (35. Rxc3 $18 {Ke3 is the strong threat.} Rg8 36. a5) 35... b5 $1 $14 36. axb5 (36. a5 $14) 36... axb5 $11 {[%emt 0:00:30] [#]} 37. g4 $1 hxg4 38. Kg3 Kc7 39. Kf4 Kd6 $2 (39... Rg8 $1 $11 {and Black is okay.}) 40. Rxe4 $18 Rg8 (40... Rxe4+ $2 41. Kxe4 g3 42. Kf3 $18) 41. Kg3 Kd5 42. Re3 (42. Rxg4 Rc8 $11) 42... Kc4 $2 (42... Rb8 {was called for.} 43. Re7 (43. Kxg4 b4 $16) 43... b4 44. cxb4 (44. Kxg4 $2 {loses.} b3 $19) 44... Kxd4) 43. h5 Rg5 $2 {[%emt 0:06:30] [#]} (43... Kd5 {was worth a try.} 44. Kh4 Rh8) 44. Kh4 $1 {[%emt 0:00:00] Hoping for h6. White is clearly winning.} Rxf5 45. h6 ({Not} 45. Kxg4 Rg5+ 46. Kh4 Rg8 $16) 45... Rf1 46. Kxg4 f5+ 47. Kh4 {[%emt 0:00:30] Weighted Error Value: White=0.15 (very precise) /Black=0.33.  Loses game:     	---       	Black=1      Mistake:       	White=4     	Black=6      Inaccurate:     	White=2     	Black=4      OK:         	White=9     	Black=7      Best:        	White=4     	---        Strong:       	White=2     	Black=1} 1-0

[Event "German Bundesliga 2023-24"]
[Site "Germany"]
[Date "2024.03.16"]
[Round "12"]
[White "Adams, Michael"]
[Black "Pruijssers, Roeland"]
[Result "1-0"]
[ECO "C43"]
[WhiteElo "2674"]
[BlackElo "2539"]
[Annotator "TA"]
[PlyCount "125"]
[EventDate "2023.10.20"]
[EventType "team-tourn"]
[EventCountry "GER"]
[SourceTitle "playchess.com"]
[Source "ChessBase"]
[SourceQuality "1"]
[TimeControl "40/6000+30:3000+30"]

1. e4 e5 2. Nf3 Nf6 3. d4 Nxe4 4. Bd3 d5 5. Nxe5 Nd7 6. O-O Nxe5 7. dxe5 Nc5 8. Be3 Nxd3 9. Qxd3 c6 {[%emt 0:06:30] The position is equal.} 10. Nc3 Be7 11. f4 g6 12. Ne2 c5 13. c3 Bf5 14. Qd2 Qd7 15. b4 b6 16. bxc5 bxc5 17. Ng3 O-O 18. Nxf5 Qxf5 19. Qxd5 Rad8 20. Qc4 Qd3 {[%emt 0:14:30] Wards off Rfd1} 21. Qxd3 Rxd3 22. Kf2 Rxc3 23. Rfc1 Rxc1 24. Rxc1 $11 {[%emt 0:00:00][%mdl 4096] Endgame. KRB-KRB} Rb8 25. Rc2 f6 (25... Rb6 $11 {keeps the balance.}) 26. exf6 $16 {[%emt 0:03:30] White is more active.} (26. Bxc5 $2 {is the wrong capture.} Rc8 27. exf6 Rxc5 $19 (27... Bxc5+ $2 28. Kf3 $19)) 26... Bxf6 27. Kf3 ({White should try} 27. Bxc5 $16 Rc8 28. Ke3) 27... Be7 $1 $14 28. Rc3 (28. Bxc5 $2 {perishes.} Rc8 29. f5 Rxc5 $19 (29... Bxc5 $2 30. fxg6 hxg6 31. Kg4 $19)) 28... Rb6 29. Bxc5 Bxc5 30. Rxc5 {[%emt 0:00:30] aiming for Rc8+. KR-KR} Ra6 31. Rc2 Kf7 32. g4 h6 33. h4 Kf6 34. g5+ hxg5 35. hxg5+ Ke6 36. Rc7 Rxa2 37. Rg7 Ra6 $1 38. Kg3 Kd5 $1 39. Kg4 Ke4 40. Re7+ Kd5 41. Rg7 Ke4 42. Re7+ Kd5 43. Rf7 Ke4 $2 {[%emt 0:00:00][%mdl 8192] Black is on the road to losing.} (43... Kc5 $11) 44. Rf6 $1 $18 Rb6 45. f5 $1 {[%emt 0:00:00] Intending Re6+ and mate.} gxf5+ 46. Rxf5 Kd4 47. Kh5 {[%emt 0:00:00] g6 is the strong threat.} Kc4 48. g6 $1 {[%emt 0:00:00] White threatens g7 and mate.} Rb8 49. Ra5 $1 Rb7 50. Kh6 $1 Kb4 51. Ra6 $1 Kb5 52. Ra1 Rd7 {[%emt 0:01:35] [#]} 53. g7 $1 Rxg7 54. Kxg7 {[%emt 0:00:00] KR-KP} a5 55. Kf6 a4 56. Ke5 Kb4 57. Kd4 Kb3 58. Kd3 a3 {[%emt 0:00:06] [#]} 59. Rb1+ $1 Ka2 60. Rb6 Ka1 61. Kc3 {[%emt 0:00:31] White mates.} a2 62. Re6 Kb1 63. Re1# {[%emt 0:00:00] Weighted Error Value: White=0.03 (flawless) /Black=0.28 (precise) .  Loses game:     	---       	Black=1      Mistake:       	White=1     	Black=1      Inaccurate:     	White=3     	Black=3      OK:         	White=15    	Black=14     Best:        	White=1     	Black=5      Strong:       	White=1     	Black=3} 1-0

[Event "German Bundesliga 2023-24"]
[Site "Germany"]
[Date "2024.03.16"]
[Round "12"]
[White "Donchenko, Alexander"]
[Black "Van Foreest, Lucas"]
[Result "1/2-1/2"]
[ECO "D02"]
[WhiteElo "2664"]
[BlackElo "2516"]
[Annotator "TA"]
[PlyCount "132"]
[EventDate "2023.10.20"]
[EventType "team-tourn"]
[EventCountry "GER"]
[SourceTitle "playchess.com"]
[Source "ChessBase"]
[SourceQuality "1"]
[TimeControl "40/6000+30:3000+30"]

1. d4 d5 2. Nf3 Nf6 3. Bf4 e6 4. e3 Bd6 5. Ne5 O-O 6. Nd2 c5 7. c3 Qc7 8. Bd3 Nbd7 9. Ndf3 b6 10. h4 (10. Nxd7 {vereinfacht} Nxd7 11. Bxd6 Qxd6 12. Qc2) 10... Bb7 11. h5 Ne4 12. Nxd7 Qxd7 13. Ne5 Qc7 14. Qg4 $1 f5 15. Qh3 Nf6 16. f3 (16. h6 {mit weiteren Verwicklungen.} g6 17. Qg3 Rad8 18. f3) 16... a5 17. Qh2 Rad8 (17... h6 $142) 18. Bb5 h6 19. Qg3 Kh7 20. O-O-O {[%emt 0:07:30] Weiß steht aktiver.} Bxe5 $2 (20... Bc8 $16 21. Rde1 Bxe5 22. Bxe5 Qe7) 21. Qg6+ $1 $18 ({Weniger gut wäre} 21. Bxe5 Qf7 22. Bd6 Nxh5 $18) ({Schlechter ist} 21. dxe5 Ng8 $11) 21... Kh8 22. Bxe5 ({Lieber nicht} 22. dxe5 Ng8 $15) 22... Qf7 {[%emt 0:00:44] Schwarz hat schwache schwarze Felder} 23. Rdg1 $1 Kg8 24. Bd3 {[%emt 0:00:49] Das Läuferpaar ist gut.} (24. g4 $1 $18 {[%cal Rg4f5] und der Rest ist Schweigen.} fxg4 25. fxg4) 24... Bc6 25. g4 Qxg6 26. hxg6 fxg4 27. fxg4 Ne4 28. Bxe4 dxe4 {[%emt 0:00:03] [#]} 29. g5 $1 h5 30. Rxh5 {[%emt 0:03:33] Beabsichtigt Rgh1 und Matt.} Be8 31. Bc7 Rd5 32. Rgh1 Bxg6 33. Rh8+ Kf7 34. Rf1+ Bf5 (34... Rf5 $16 {ist wohl besser.} 35. Rxf8+ Kxf8 36. Rxf5+ exf5) 35. Rxf8+ Kxf8 36. Bxb6 cxd4 37. exd4 {[%emt 0:00:57][%mdl 4096] Endspiel. KRB-KRB} (37. Bxd4 $18 Kf7 38. a4) 37... Rb5 38. Bc7 a4 39. c4 Rb7 40. Be5 Ke8 41. Kc2 e3+ 42. Kc3 {[%emt 0:00:30] Droht Re1 und aus.} e2 43. Re1 Bg4 44. g6 Ra7 45. b4 axb3 46. axb3 Bh5 47. Kb2 {[%emt 0:01:00] Wehrt Ra2+ ab} Rb7 48. Kc3 {[%emt 0:05:30] Und b4 würde nun gewinnen.} Ra7 $1 49. Kb2 Rb7 $1 50. c5 Kd7 (50... Kd8 $142) 51. Bxg7 $16 Bxg6 52. Rxe2 {[%emt 0:00:08][%cal Oc5c6] Schwarz muss nun c6+! beachten.} Bd3 53. c6+ Kxc6 54. Rxe6+ Kd7 55. Re3 Bc4 56. Bf8 {[%emt 0:00:15] Zielt auf Re7+ ab.} Bd5 {[%emt 0:00:30] [#]} 57. Rc3 (57. b4 $142 $1) 57... Rb6 58. Bc5 Rf6 59. Re3 Rf2+ 60. Kc1 Rf3 61. Re7+ Kd8 {[%emt 0:00:30] Die Stellung ist ausgeglichen.} 62. b4 Rc3+ $1 63. Kb2 {[%emt 0:00:01] [#]} Rxc5 $1 64. dxc5 (64. Re8+ Kxe8) 64... Kxe7 65. c6 Bxc6 66. b5 Bxb5 {Schwarz hat sich erfolgreich gewehrt.   Gewichteter Fehlerwert: Weiß=0.15 (sehr präzise) /Schwarz=0.17 (sehr präzise) .  Verlustzug:     	---       	Schwarz=1     Gewinn verpasst:   	Weiß=1     	---        Fehler:       	Weiß=2     	Schwarz=3     Ungenau:       	Weiß=2     	Schwarz=4     OK:         	Weiß=23    	Schwarz=16    Bester:       	Weiß=3     	Schwarz=9     Stark:        	Weiß=4     	Schwarz=3     Brilliant:      	---       	Schwarz=1} 1/2-1/2

[Event "German Bundesliga 2023-24"]
[Site "Germany"]
[Date "2024.03.16"]
[Round "12"]
[White "Shevchenko, Kirill"]
[Black "Vachier-Lagrave, Maxime"]
[Result "1/2-1/2"]
[ECO "D85"]
[WhiteElo "2651"]
[BlackElo "2734"]
[Annotator "TA"]
[PlyCount "43"]
[EventDate "2023.10.20"]
[EventType "team-tourn"]
[EventCountry "GER"]
[SourceTitle "playchess.com"]
[Source "ChessBase"]
[SourceQuality "1"]
[TimeControl "40/6000+30:3000+30"]

1. d4 Nf6 2. c4 g6 3. Nc3 d5 4. cxd5 Nxd5 5. e4 Nxc3 6. bxc3 Bg7 7. Qa4+ Nd7 8. Nf3 O-O {[%emt 0:01:30] The position is equal.} 9. Qa3 c5 10. Be2 cxd4 11. cxd4 Nf6 12. Qe3 b5 13. O-O (13. Bxb5 $2 {perishes.} Qa5+ 14. Nd2 Qxb5 $19) 13... Bb7 14. Bd3 Ng4 15. Qe2 Bxd4 16. Rb1 a6 17. a4 Ne5 18. Nxe5 Bxe5 19. axb5 axb5 20. Bh6 Bg7 21. Bxg7 Kxg7 22. Rxb5 {[%emt 0:00:30] A rather calm draw.   Weighted Error Value: White=0.01 (flawless) /Black=0.01 (flawless) .  OK:         	White=9     	Black=6      Best:        	---       	Black=2} 1/2-1/2

[Event "German Bundesliga 2023-24"]
[Site "Germany"]
[Date "2024.03.16"]
[Round "12"]
[White "Lagarde, Maxime"]
[Black "Brkic, Ante"]
[Result "1/2-1/2"]
[ECO "E11"]
[WhiteElo "2629"]
[BlackElo "2606"]
[Annotator "TA"]
[PlyCount "71"]
[EventDate "2023.10.20"]
[EventType "team-tourn"]
[EventCountry "GER"]
[SourceTitle "playchess.com"]
[Source "ChessBase"]
[SourceQuality "1"]
[TimeControl "40/6000+30:3000+30"]

1. d4 Nf6 2. c4 e6 3. Nf3 d5 4. g3 Bb4+ 5. Bd2 a5 6. Bg2 O-O 7. Qc1 Be7 8. O-O c6 9. Bf4 Nbd7 10. Rd1 h6 11. h4 a4 12. a3 Qb6 13. Nc3 Qa6 14. e4 Nxe4 15. Nxe4 dxe4 16. Ne5 Nxe5 (16... f5 $11) 17. dxe5 $14 f5 (17... Qb6 $14) 18. exf6 $16 Bxf6 19. Bd6 $1 Rd8 20. Bxe4 {[%emt 0:01:30] Droht stark Qf4.} Qb6 21. Qf4 Qxb2 $2 (21... e5 $16 22. Bxe5 Bxe5 23. Rxd8+ (23. Qxe5 Bh3 $16) 23... Qxd8 24. Qxe5 Kh8) 22. Rab1 $2 (22. Bc5 $1 $18 {jetzt Rxd8+ und aus.} Rd7 23. Qg4) 22... Qe2 $1 $14 23. Re1 $36 {[%emt 0:19:39][%mdl 2048] Schwarz muss aufpassen.} Qh5 24. c5 {[%emt 0:02:58][%cal Bc4c5,Bc5d6][%mdl 32] Weiß steht deutlich aktiver.} Bc3 {[%emt 0:03:01] [#]} (24... e5 $16 25. Qe3 Ra7) 25. Bc2 $1 $18 Bxe1 26. Rxe1 {[%emt 0:00:51][%cal Oe1e5] Re5! ist eine echte Drohung.} Rxd6 27. cxd6 Bd7 {[%emt 0:00:07] [#]} 28. Re5 ({Und nicht} 28. Bxa4 Qa5 29. Rb1 (29. Re4 Qc3 $15) 29... Rf8 $11 (29... Qxa4 30. Qxa4 Rxa4 31. Rxb7 $11)) 28... Qf7 {[%emt 0:02:26] Und ...Qxf4 würde nun gewinnen.} 29. Qe4 (29. Bxa4 $2 {ist das falsche Schlagen.} Qxf4 30. gxf4 Rxa4 $19) 29... g6 30. f4 (30. Qxg6+ Qxg6 31. Bxg6 Kg7 $11) ({Günstiger ist} 30. Bxa4 $18 {Bb3 wäre nun fies.} Qf6 31. Bb3) 30... b5 31. Rxb5 cxb5 32. Qxa8+ Qf8 33. Qe4 (33. Qxf8+ $18 Kxf8 34. Bxg6) 33... Qf5 $1 $11 34. Qa8+ $2 (34. Kf2 $11 Kf7 35. Qxf5+ exf5 36. Ke3) 34... Qf8 $18 35. Qe4 (35. Qxf8+ $18 Kxf8 36. Bxg6) 35... Qf5 $1 $11 36. Qa8+ {[%emt 0:03:19] Gewichteter Fehlerwert: Weiß=0.36/Schwarz=0.21 (präzise) .  Gewinn verpasst:   	Weiß=3     	---        Fehler:       	Weiß=2     	Schwarz=4     Ungenau:       	Weiß=2     	Schwarz=2     OK:         	Weiß=8     	Schwarz=6     Bester:       	Weiß=2     	Schwarz=3     Stark:        	Weiß=2     	Schwarz=3} 1/2-1/2

[Event "German Bundesliga 2023-24"]
[Site "Germany"]
[Date "2024.03.16"]
[Round "12"]
[White "Areshchenko, Alexander"]
[Black "Vitiugov, Nikita"]
[Result "1/2-1/2"]
[ECO "B38"]
[WhiteElo "2625"]
[BlackElo "2686"]
[Annotator "TA"]
[PlyCount "41"]
[EventDate "2023.10.20"]
[EventType "team-tourn"]
[EventCountry "GER"]
[SourceTitle "playchess.com"]
[Source "ChessBase"]
[SourceQuality "1"]
[TimeControl "40/6000+30:3000+30"]

1. e4 c5 2. Nf3 g6 3. d4 cxd4 4. Nxd4 Nc6 5. c4 Bg7 6. Be3 Qb6 7. Nb3 Qd8 8. Nc3 Bxc3+ 9. bxc3 {[%emt 0:00:00] White is slightly better.} Nf6 10. f3 d6 11. Be2 b6 12. O-O Bb7 13. a4 O-O {[%emt 0:11:30] The position is equal.} 14. a5 Qc7 15. Qb1 Ba6 16. axb6 axb6 17. Ra4 Bb7 18. Rxa8 Rxa8 19. Nd4 Nd7 20. Nxc6 Qxc6 21. Qb2 {[%emt 0:00:30] Weighted Error Value: White=0.09 (flawless) /Black=0.07 (flawless) .  Inaccurate:     	White=2     	Black=1      OK:         	White=4     	Black=7} 1/2-1/2

[Event "German Bundesliga 2023-24"]
[Site "Germany"]
[Date "2024.03.16"]
[Round "12"]
[White "Movsesian, Sergei"]
[Black "Grigorian, Spartak"]
[Result "1-0"]
[ECO "B66"]
[WhiteElo "2605"]
[BlackElo "2439"]
[Annotator "RC"]
[PlyCount "121"]
[EventDate "2023.10.20"]
[EventType "team-tourn"]
[EventCountry "GER"]
[SourceTitle "playchess.com"]
[Source "ChessBase"]
[SourceQuality "1"]
[TimeControl "40/6000+30:3000+30"]

1. e4 c5 2. Nf3 d6 3. d4 cxd4 4. Nxd4 Nf6 5. Nc3 Nc6 6. Bg5 e6 7. Qd2 a6 8. O-O-O Bd7 9. Kb1 h6 10. Be3 b5 11. Nxc6 Bxc6 12. f3 Qc7 13. Bd3 Be7 14. Ne2 d5 15. e5 Ne4 16. Qe1 Nc5 17. Qg3 g6 18. h4 O-O-O 19. Bd4 Kb7 20. Qf4 Rdf8 21. g3 Rc8 22. Rc1 b4 23. Bf2 Ka8 24. Nd4 Be8 25. Nb3 g5 26. Qe3 Qb7 27. hxg5 Bxg5 28. f4 Be7 29. Qe2 Bb5 30. Bxc5 Bxc5 31. g4 Bxd3 32. cxd3 Bb6 33. d4 Rxc1+ 34. Rxc1 Ka7 35. Qd2 a5 36. Nc5 Bxc5 37. Rxc5 Qa6 38. a4 Rc8 39. Qc2 Rxc5 40. Qxc5+ Kb7 41. Qe7+ Kb8 42. Qe8+ Kc7 43. Qxf7+ Kd8 44. Qg8+ Ke7 45. Qh7+ Kd8 46. Qc2 Qf1+ 47. Ka2 Qxf4 48. Qc5 Ke8 49. Qxa5 Qxd4 50. Qb5+ Kd8 51. Qb8+ Ke7 52. Qc7+ Kf8 53. a5 b3+ 54. Ka3 Qd1 55. Qb8+ Kf7 56. Qxb3 Qa1+ 57. Kb4 Qe1+ 58. Qc3 Qe4+ 59. Kc5 Ke7 60. a6 Qa4 61. Qa3 1-0

[Event "German Bundesliga 2023-24"]
[Site "Germany"]
[Date "2024.03.16"]
[Round "12"]
[White "Predojevic, Borki"]
[Black "Bauer, Christian"]
[Result "1/2-1/2"]
[ECO "E05"]
[WhiteElo "2580"]
[BlackElo "2564"]
[Annotator "TA"]
[PlyCount "40"]
[EventDate "2023.10.20"]
[EventType "team-tourn"]
[EventCountry "GER"]
[SourceTitle "playchess.com"]
[Source "ChessBase"]
[SourceQuality "1"]
[TimeControl "40/6000+30:3000+30"]

1. Nf3 Nf6 2. c4 e6 3. g3 d5 4. Bg2 Be7 5. O-O O-O 6. d4 dxc4 7. Qc2 a6 8. a4 Bd7 9. Qxc4 Bc6 10. Bg5 Bd5 11. Qc2 Be4 12. Qc1 h6 13. Bxf6 Bxf6 14. Nbd2 Bh7 15. Rd1 Nc6 16. Nb3 Qd6 {[%emt 0:14:30] Verhindert Ne5} 17. e3 Nb4 {[%emt 0:06:30] Die Stellung ist ausgeglichen.} 18. Ne1 {[%emt 0:08:30] Pariert Bc2.} Rab8 19. Nc5 b6 20. Ncd3 Nxd3 {[%emt 0:01:30] Nicht viel passiert in dieser Partie.   Gewichteter Fehlerwert: Weiß=0.07 (makellos) /Schwarz=0.05 (makellos) .  Ungenau:       	---       	Schwarz=1     OK:         	Weiß=2     	Schwarz=4     Bester:       	---       	Schwarz=2} 1/2-1/2

[Event "German Bundesliga 2023-24"]
[Site "Germany"]
[Date "2024.03.16"]
[Round "12"]
[White "Kadric, Denis"]
[Black "Motylev, Alexander"]
[Result "1/2-1/2"]
[ECO "B13"]
[WhiteElo "2579"]
[BlackElo "2619"]
[Annotator "TA"]
[PlyCount "40"]
[EventDate "2023.10.20"]
[EventType "team-tourn"]
[EventCountry "GER"]
[SourceTitle "playchess.com"]
[Source "ChessBase"]
[SourceQuality "1"]
[TimeControl "40/6000+30:3000+30"]

1. e4 c6 2. d4 d5 3. exd5 cxd5 4. Bd3 Nc6 5. c3 Nf6 6. h3 g6 7. Nf3 Bf5 8. O-O {[%emt 0:00:30] The position is equal.} Qc7 9. Re1 Bxd3 10. Qxd3 e6 11. a4 Bg7 12. Na3 O-O 13. Nb5 Qb8 14. Na3 Qc7 15. Nb5 Qb8 16. Na3 Qc7 17. Nb5 Qb8 18. Na3 Qc7 19. Nb5 Qb8 20. Na3 Qc7 {[%emt 0:00:30] Not much happened in this game.   Weighted Error Value: White=0.03 (flawless) /Black=0.05 (flawless) .  Inaccurate:     	White=1     	---        OK:         	White=8     	Black=3} 1/2-1/2